TOP OF THE 1ST |
Lynchburg Hillcats batting - Pitching for Salem Rebels : RHP John Hessler
|
Pitching: RHP John Hessler
|
|
Batting: RHB Ronald Lee
|
0-0: Called Strike 0-1: Foul Ball, location: 2F 0-2: Strikes out swinging
|
Batting: RHB Russ Quetti
|
0-0: Ball 1-0: Called Strike 1-1: SINGLE (Line Drive, 34D, EV 107.5 MPH)
|
Batting: RHB William Lajoie
|
0-0: SINGLE (Line Drive, 89M, EV 92.5 MPH) Russ Quetti to second
|
Batting: RHB Richard Witt
|
0-0: Fly out, F8 (Flyball, 78M, EV 89.4 MPH)
|
Batting: RHB Kenneth Tillman
|
0-0: Ground out 4-3 (Groundball, 4, EV 85.0 MPH)
|
Top of the 1st over - 0 runs, 2 hits, 0 errors, 2 left on base; Lynchburg 0 - Salem 0 |
BOTTOM OF THE 1ST |
Salem Rebels batting - Pitching for Lynchburg Hillcats : RHP Miguel Carrizales
|
Pitching: RHP Miguel Carrizales
|
|
Batting: LHB John Gibbons
|
0-0: Called Strike 0-1: Fly out, F8 (Line Drive, 8RM, EV 88.8 MPH)
|
Batting: RHB Daniel Szajko
|
0-0: Fly out, F7 (Flyball, 78XD, EV 105.0 MPH)
|
Batting: LHB Thomas Krupa
|
0-0: Called Strike 0-1: Called Strike 0-2: Ball 1-2: Fly out, F8 (Flyball, 78XD, EV 107.5 MPH)
|
Bottom of the 1st over - 0 runs, 0 hits, 0 errors, 0 left on base; Lynchburg 0 - Salem 0 |
TOP OF THE 2ND |
Lynchburg Hillcats batting - Pitching for Salem Rebels : RHP John Hessler
|
Batting: LHB Harold Warner
|
0-0: Swinging Strike 0-1: SINGLE (Groundball, P, EV 80.0 MPH) (infield hit)
|
Batting: RHB Frederic Wade
|
0-0: Ball 1-0: Ball 2-0: Ball 3-0: Base on Balls Harold Warner to second
|
Batting: RHB Everett Rey
|
0-0: Called Strike 0-1: Ball 1-1: Ball 2-1: Ball 3-1: Called Strike 3-2: 3-RUN HOME RUN (Flyball, 78XD, EV 94.4 MPH), Distance : 430 ft
|
Batting: RHB Felix Estrada
|
0-0: Called Strike 0-1: Ball 1-1: Ball 2-1: Fly out, F7 (Line Drive, 7, EV 86.3 MPH)
|
Batting: RHB Ronald Lee
|
0-0: Ball 1-0: Ground out 6-3 (Groundball, 6, EV 102.5 MPH)
|
Batting: RHB Russ Quetti
|
0-0: Fly out, F9 (Flyball, 89S, EV 77.5 MPH)
|
Top of the 2nd over - 3 runs, 2 hits, 0 errors, 0 left on base; Lynchburg 3 - Salem 0 |
BOTTOM OF THE 2ND |
Salem Rebels batting - Pitching for Lynchburg Hillcats : RHP Miguel Carrizales
|
Batting: RHB Jorge Monroig
|
0-0: SINGLE (Groundball, 56D, EV 98.1 MPH)
|
Batting: RHB Robert O'Connor
|
0-0: Swinging Strike 0-1: Foul Ball, location: 2F 0-2: Foul Ball, location: 2F 0-2: Reached on error, E4 (Popup, 4MD, EV 46.3 MPH) Jorge Monroig to second
|
Batting: RHB Melvin Williams
|
0-0: Ball 1-0: Ball 2-0: Called Strike 2-1: Swinging Strike 2-2: Strikes out swinging
|
Batting: SHB Kelvin Hudson
|
0-0: Foul Ball, location: 2F 0-1: Ball 1-1: Ball 2-1: Foul Ball, location: 2F 2-2: Ball 3-2: Strikes out looking
|
Batting: RHB Gary Leslie
|
0-0: Ball 1-0: Ball 2-0: Called Strike 2-1: Ball 3-1: Swinging Strike 3-2: Strikes out looking
|
Bottom of the 2nd over - 0 runs, 1 hit, 1 error, 2 left on base; Lynchburg 3 - Salem 0 |
TOP OF THE 3RD |
Lynchburg Hillcats batting - Pitching for Salem Rebels : RHP John Hessler
|
Batting: RHB William Lajoie
|
0-0: Swinging Strike 0-1: Called Strike 0-2: TRIPLE (Flyball, 78XD, EV 93.1 MPH)
|
Batting: RHB Richard Witt
|
0-0: Ball 1-0: Ball 2-0: Ball 3-0: Called Strike 3-1: Foul Ball, location: 2F Balk! William Lajoie scores 3-2: Strikes out looking
|
Batting: RHB Kenneth Tillman
|
0-0: Ball 1-0: Foul Ball, location: 2F 1-1: SOLO HOME RUN (Line Drive, 7D, EV 101.9 MPH), Distance : 373 ft
|
Batting: LHB Harold Warner
|
0-0: Ball 1-0: Foul Ball, location: 2F 1-1: Foul Ball, location: 2F 1-2: Ball 2-2: Strikes out swinging
|
Batting: RHB Frederic Wade
|
0-0: Ball 1-0: Foul Ball, location: 2F 1-1: Ball 2-1: Ball 3-1: Base on Balls
|
Batting: RHB Everett Rey
|
0-0: Ball 1-0: Ball 2-0: Swinging Strike 2-1: Swinging Strike 2-2: Strikes out swinging
|
Top of the 3rd over - 2 runs, 2 hits, 0 errors, 1 left on base; Lynchburg 5 - Salem 0 |
BOTTOM OF THE 3RD |
Salem Rebels batting - Pitching for Lynchburg Hillcats : RHP Miguel Carrizales
|
Batting: RHB Mark Krynitsky
|
0-0: Called Strike 0-1: Ball 1-1: Foul Ball, location: 2F 1-2: Foul Ball, location: 2F 1-2: Ball 2-2: Strikes out swinging
|
Batting: LHB John Gibbons
|
0-0: Ball 1-0: Fly out, F7 (Line Drive, 7D, EV 91.9 MPH)
|
Batting: RHB Daniel Szajko
|
0-0: Foul Ball, location: 2F 0-1: Ball 1-1: Called Strike 1-2: Foul Ball, location: 2F 1-2: Ball 2-2: Foul Ball, location: 2F 2-2: Fly out, F3 (Popup, 34, EV 66.9 MPH)
|
Bottom of the 3rd over - 0 runs, 0 hits, 0 errors, 0 left on base; Lynchburg 5 - Salem 0 |
TOP OF THE 4TH |
Lynchburg Hillcats batting - Pitching for Salem Rebels : RHP John Hessler
|
Batting: RHB Felix Estrada
|
0-0: Called Strike 0-1: Swinging Strike 0-2: Fly out, F9 (Line Drive, 9, EV 87.5 MPH)
|
Batting: RHB Ronald Lee
|
0-0: Called Strike 0-1: Ball 1-1: Fly out, F8 (Line Drive, 8LM, EV 99.4 MPH)
|
Batting: RHB Russ Quetti
|
0-0: Called Strike 0-1: Called Strike 0-2: Ball 1-2: Foul Ball, location: 2F 1-2: Strikes out swinging
|
Top of the 4th over - 0 runs, 0 hits, 0 errors, 0 left on base; Lynchburg 5 - Salem 0 |
BOTTOM OF THE 4TH |
Salem Rebels batting - Pitching for Lynchburg Hillcats : RHP Miguel Carrizales
|
Batting: LHB Thomas Krupa
|
0-0: Fly out, F5 (Popup, 56S, EV 84.4 MPH)
|
Batting: RHB Jorge Monroig
|
0-0: Called Strike 0-1: Ball 1-1: Swinging Strike 1-2: Strikes out swinging
|
Batting: RHB Robert O'Connor
|
0-0: Called Strike 0-1: Swinging Strike 0-2: Foul Ball, location: 2F 0-2: Ball 1-2: Foul Ball, location: 2F 1-2: Foul Ball, location: 2F 1-2: Strikes out looking
|
Bottom of the 4th over - 0 runs, 0 hits, 0 errors, 0 left on base; Lynchburg 5 - Salem 0 |
TOP OF THE 5TH |
Lynchburg Hillcats batting - Pitching for Salem Rebels : RHP John Hessler
|
Batting: RHB William Lajoie
|
0-0: Called Strike 0-1: Foul Ball, location: 2F 0-2: Strikes out swinging
|
Batting: RHB Richard Witt
|
0-0: Called Strike 0-1: Ball 1-1: SINGLE (Groundball, 34D, EV 97.5 MPH)
|
Batting: RHB Kenneth Tillman
|
0-0: Ball 1-0: Swinging Strike 1-1: Grounds into double play, 4-6-3 (Groundball, 4, EV 83.8 MPH)
|
Top of the 5th over - 0 runs, 1 hit, 0 errors, 0 left on base; Lynchburg 5 - Salem 0 |
BOTTOM OF THE 5TH |
Salem Rebels batting - Pitching for Lynchburg Hillcats : RHP Miguel Carrizales
|
Batting: RHB Melvin Williams
|
0-0: Called Strike 0-1: Ball 1-1: Foul Ball, location: 2F 1-2: Ground out 5-3 (Groundball, 56, EV 98.8 MPH)
|
Batting: SHB Kelvin Hudson
|
0-0: Ground out 4-3 (Groundball, 4M, EV 88.8 MPH)
|
Batting: RHB Gary Leslie
|
0-0: Swinging Strike 0-1: DOUBLE (Flyball, 8RD, EV 102.5 MPH)
|
Batting: RHB Mark Krynitsky
|
0-0: Ball 1-0: Fly out, F9 (Flyball, 9S, EV 86.3 MPH)
|
Bottom of the 5th over - 0 runs, 1 hit, 0 errors, 1 left on base; Lynchburg 5 - Salem 0 |
TOP OF THE 6TH |
Lynchburg Hillcats batting - Pitching for Salem Rebels : RHP John Hessler
|
Batting: LHB Harold Warner
|
0-0: Ground out U3 (Groundball, 3, EV 81.3 MPH)
|
Batting: RHB Frederic Wade
|
0-0: Ball 1-0: Called Strike 1-1: Called Strike 1-2: Ball 2-2: Ball 3-2: Ground out 6-3 (Groundball, 6, EV 111.3 MPH)
|
Batting: RHB Everett Rey
|
0-0: Called Strike 0-1: Ball 1-1: Ball 2-1: Ball 3-1: Fly out, F5 (Popup, 5SF, EV 85.6 MPH)
|
Top of the 6th over - 0 runs, 0 hits, 0 errors, 0 left on base; Lynchburg 5 - Salem 0 |
BOTTOM OF THE 6TH |
Salem Rebels batting - Pitching for Lynchburg Hillcats : RHP Miguel Carrizales
|
Batting: LHB John Gibbons
|
0-0: Foul Ball, location: 2F 0-1: Ball 1-1: SINGLE (Flyball, 7S, EV 90.6 MPH)
|
Batting: RHB Daniel Szajko
|
0-0: Fielders Choice at 2nd, 1-4 (Groundball, P, EV 68.1 MPH)
|
Batting: LHB Thomas Krupa
|
0-0: Ball 1-0: Foul Ball, location: 2F 1-1: Foul Ball, location: 2F 1-2: Fly out, F9 (Flyball, 9, EV 96.3 MPH)
|
Batting: RHB Jorge Monroig
|
0-0: Ball 1-0: Called Strike 1-1: Fly out, F8 (Flyball, 8RS, EV 95.6 MPH)
|
Bottom of the 6th over - 0 runs, 1 hit, 0 errors, 1 left on base; Lynchburg 5 - Salem 0 |
TOP OF THE 7TH |
Lynchburg Hillcats batting - Pitching for Salem Rebels : RHP John Hessler
|
Pitching: RHP Carlos Montijo
|
|
Batting: RHB Felix Estrada
|
0-0: Ground out 6-3 (Groundball, 6, EV 87.5 MPH)
|
Batting: RHB Ronald Lee
|
0-0: SINGLE (Groundball, 6S, EV 68.8 MPH) (infield hit)
|
Batting: RHB Russ Quetti
|
0-0: Called Strike 0-1: Ball 1-1: Ball 2-1: Swinging Strike 2-2: Foul Ball, location: 2F 2-2: Fly out, F8 (Flyball, 8RD, EV 85.0 MPH)
|
Batting: RHB William Lajoie
|
0-0: Swinging Strike 0-1: Swinging Strike 0-2: Ball 1-2: Strikes out swinging
|
Top of the 7th over - 0 runs, 1 hit, 0 errors, 1 left on base; Lynchburg 5 - Salem 0 |
BOTTOM OF THE 7TH |
Salem Rebels batting - Pitching for Lynchburg Hillcats : RHP Miguel Carrizales
|
Batting: RHB Robert O'Connor
|
0-0: Foul Ball, location: 2F 0-1: Ball 1-1: Ball 2-1: DOUBLE (Flyball, 8LXD, EV 89.4 MPH)
|
Batting: RHB Melvin Williams
|
0-0: Called Strike 0-1: Ball 1-1: Foul Ball, location: 2F 1-2: Fly out, F4 (Flyball, 34D, EV 89.4 MPH)
|
Batting: SHB Kelvin Hudson
|
0-0: Ground out 4-3 (Groundball, 4, EV 105.0 MPH) Robert O'Connor to third
|
Batting: RHB Gary Leslie
|
0-0: Ball 1-0: SINGLE (Line Drive, 8RS, EV 90.0 MPH) Robert O'Connor scores
|
Batting: RHB Mark Krynitsky
|
0-0: Ball 1-0: Fly out, F9 (Line Drive, 9D, EV 94.4 MPH)
|
Bottom of the 7th over - 1 run, 2 hits, 0 errors, 1 left on base; Lynchburg 5 - Salem 1 |
TOP OF THE 8TH |
Lynchburg Hillcats batting - Pitching for Salem Rebels : RHP Carlos Montijo
|
Batting: RHB Richard Witt
|
0-0: Fly out, F7 (Flyball, 7, EV 82.5 MPH)
|
Batting: RHB Kenneth Tillman
|
0-0: Foul Ball, location: 2F 0-1: Hit by Pitch
|
Batting: LHB Harold Warner
|
0-0: Ball 1-0: Foul Ball, location: 2F 1-1: Called Strike 1-2: Ball 2-2: Fielders Choice at 2nd, 4-6 (Groundball, 4, EV 85.6 MPH)
|
Batting: RHB Frederic Wade
|
0-0: Called Strike Harold Warner steals 2nd base 0-1: Foul Ball, location: 2F 0-2: Ball 1-2: Ball 2-2: Ball 3-2: Strikes out swinging
|
Top of the 8th over - 0 runs, 0 hits, 0 errors, 1 left on base; Lynchburg 5 - Salem 1 |
BOTTOM OF THE 8TH |
Salem Rebels batting - Pitching for Lynchburg Hillcats : RHP Miguel Carrizales
|
Batting: LHB John Gibbons
|
0-0: Foul Ball, location: 2F 0-1: Foul Ball, location: 2F 0-2: Strikes out swinging
|
Batting: RHB Daniel Szajko
|
0-0: Ball 1-0: Foul Ball, location: 2F 1-1: Ground out 5-3 (Groundball, 56, EV 88.8 MPH)
|
Batting: LHB Thomas Krupa
|
0-0: Ball 1-0: Foul Ball, location: 2F 1-1: Called Strike 1-2: DOUBLE (Flyball, 3D, EV 93.8 MPH)
|
Batting: RHB Jorge Monroig
|
0-0: Called Strike 0-1: Ball 1-1: Ball 2-1: Called Strike 2-2: Foul Ball, location: 2F 2-2: Strikes out swinging
|
Bottom of the 8th over - 0 runs, 1 hit, 0 errors, 1 left on base; Lynchburg 5 - Salem 1 |
TOP OF THE 9TH |
Lynchburg Hillcats batting - Pitching for Salem Rebels : RHP Carlos Montijo
|
Batting: RHB Everett Rey
|
0-0: Called Strike 0-1: Ball 1-1: Foul Ball, location: 2F 1-2: Ball 2-2: Foul Ball, location: 2F 2-2: Ball 3-2: Foul Ball, location: 2F 3-2: Strikes out swinging
|
Batting: RHB Felix Estrada
|
0-0: Fly out, F4 (Line Drive, 4, EV 69.4 MPH)
|
Batting: RHB Ronald Lee
|
0-0: Called Strike 0-1: Ball 1-1: Called Strike 1-2: Strikes out looking
|
Top of the 9th over - 0 runs, 0 hits, 0 errors, 0 left on base; Lynchburg 5 - Salem 1 |
BOTTOM OF THE 9TH |
Salem Rebels batting - Pitching for Lynchburg Hillcats : RHP Miguel Carrizales
|
Pitching: RHP Paul Steets
|
|
Batting: RHB Robert O'Connor
|
0-0: Ball 1-0: Called Strike 1-1: Foul Ball, location: 2F 1-2: Ball 2-2: Ball 3-2: Foul Ball, location: 2F 3-2: Foul Ball, location: 2F 3-2: Ground out U3 (Groundball, 3L, EV 90.0 MPH)
|
Batting: RHB Melvin Williams
|
0-0: Foul Ball, location: 2F 0-1: Foul Ball, location: 2F 0-2: Strikes out swinging
|
Batting: SHB Kelvin Hudson
|
0-0: Ball 1-0: Ball 2-0: Called Strike 2-1: Ball 3-1: Foul Ball, location: 2F 3-2: Base on Balls
|
Batting: RHB Gary Leslie
|
0-0: Foul Ball, location: 2F 0-1: Called Strike 0-2: Ball 1-2: Ground out 4-3 (Groundball, 34, EV 101.9 MPH)
|
Bottom of the 9th over - 0 runs, 0 hits, 0 errors, 1 left on base; Lynchburg 5 - Salem 1 |
|